 Dungeon Crawl Stone Soup version 0.32-a0-913-g739538afd8 (webtiles) character file.

Game seed: 5051986441152104212

170147 Biggs the Ripper (level 17, -12/86 HPs)
             Began as a Felid Shapeshifter on Apr 9, 2024.
             Was a High Priest of Wu Jian.
             Mangled by a naga
             ... wielding a +0 dire flail
              (20 damage)
             ... on level 4 of the Snake Pit.
             The game lasted 01:38:47 (35507 turns).

Biggs the Ripper (Felid Shapeshifter)              Turns: 35507, Time: 01:38:48

Health: -12/86     AC:  3    Str: 16    XL:     17   Next: 36%
Magic:  18/18      EV: 23    Int: 14    God:    Wu Jian [*****.]
Gold:   629        SH:  0    Dex: 18    Spells: 16/16 levels left
                                        Lives:  0   Deaths: 6

rFire   . .          .
                       - Unarmed
rCold   + + .        (shield unavailable)
rNeg    . . .        (body armour unavailable)
rPois   +            (helmet unavailable)
rElec   +            (cloak unavailable)
rCorr   .            (gloves unavailable)
SInv    +            (boots unavailable)
Will    ++...        I - amulet of the acrobat
Stlth   ++++++       B - ring of poison resistance
HPRegen 0.34/turn    R - ring of the Hurtling Traitor {rElec rC+ EV+5 SInv}
MPRegen 0.16/turn

%: acrobat
@: lethally poisoned (-12 -> -15), exhausted, blade hands, constricted
A: very small, (claws 1), fangs 3, see invisible, shaggy fur 3, (stealthy paws),
no weapons or thrown items, no armour, multi-lived
a: Begin Untransformation, Renounce Religion, Wall Jump, Serpent's Lash,
Heavenly Storm


You were on level 4 of the Snake Pit.
You worshipped Wu Jian.
Wu Jian was extremely pleased with you.
You had blades for front paws.
You visited 6 branches of the dungeon, and saw 28 of its levels.
You also visited: Sewer.

You collected 2516 gold pieces.
You spent 1887 gold pieces at shops.

Inventory:

Jewellery
 f - an amulet of reflection
 g - a ring of resist corrosion
 n - a +6 ring of dexterity
 w - a ring of willpower
 B - a ring of poison resistance (left blade hand)
 I - an amulet of the acrobat (around neck)
 L - a ring of protection from fire
 P - a +4 ring of protection
 R - the ring of the Hurtling Traitor (right blade hand) {rElec rC+ EV+5 SInv}
   (You acquired it on level 12 of the Dungeon)

   [ring of evasion]

   EV+5:      It affects your evasion (+5).
   rC+:       It protects you from cold.
   rElec:     It insulates you from electricity.
   SInv:      It lets you see invisible.
 V - a +4 ring of slaying
Talismans
 b - a beast talisman
 c - a flux talisman
 G - a talisman of death
 M - a serpent talisman
 Q - a blade talisman (active)
Wands
 m - a wand of paralysis (26)
 q - a wand of iceblast (10)
 s - a wand of flame (74)
 y - a wand of polymorph (11)
 D - a wand of digging (6)
 K - a wand of mindburst (4)
Scrolls
 e - 3 scrolls of teleportation
 h - 2 scrolls of fog
 k - 5 scrolls of vulnerability
 l - 3 scrolls of enchant weapon
 r - 5 scrolls of amnesia
 u - 4 scrolls of revelation
 x - a scroll of summoning
 A - 4 scrolls of poison
 C - a scroll of brand weapon
 F - 3 scrolls of noise
 J - 2 scrolls of torment
 N - a scroll of blinking
 O - a scroll of silence
 U - a scroll of enchant armour
 W - 3 scrolls of identify
Potions
 a - 8 potions of lignification
 d - 5 potions of haste
 i - 19 potions of curing
 j - 2 potions of resistance
 o - 4 potions of invisibility {unknown}
 p - 6 potions of might {unknown}
 t - 3 potions of cancellation
 v - 6 potions of enlightenment
 z - 4 potions of mutation
 E - 4 potions of brilliance {unknown}
 H - 2 potions of berserk rage {unknown}
 S - 5 potions of ambrosia
Miscellaneous
 T - a phial of floods


   Skills:
 - Level 8.7 Fighting
 - Level 15.7 Dodging
 - Level 16.0 Stealth
 - Level 18.9 Unarmed Combat
 - Level 8.0 Evocations
 + Level 14.9 Shapeshifting


You had 16 spell levels left.
You didn't know any spells.
Your spell library contained the following spells:

 Spells                   Type           Power      Damage    Failure   Level
 Apportation              Tloc           0%         N/A       28%         1
 Freeze                   Ice            0%         1d3       28%         1
 Magic Dart               Conj           0%         1d3       28%         1
 Necrotise                Necr           0%         1d4       28%         1
 Shock                    Conj/Air       0%         1d3       28%         1
 Sting                    Conj/Alch      0%         1d3       28%         1
 Summon Small Mammal      Summ           0%         N/A       28%         1
 Blink                    Tloc           0%         N/A       41%         2
 Jinxbite                 Hex            0%         N/A       41%         2
 Lesser Beckoning         Tloc           0%         N/A       41%         2
 Mercury Vapours          Alch/Air       0%         N/A       41%         2
 Momentum Strike          Conj/Tloc      0%         3d8       41%         2
 Searing Ray              Conj           0%         2d4       41%         2
 Dazzling Flash           Conj/Hex       0%         N/A       65%         3
 Frozen Ramparts          Ice            0%         1d1       65%         3
 Hailstorm                Conj/Ice       0%         3d5       65%         3
 Inner Flame              Hex/Fire       0%         N/A       65%         3
 Mephitic Cloud           Conj/Alch/Air  0%         N/A       65%         3
 Summon Ice Beast         Ice/Summ       0%         N/A       65%         3
 Swiftness                Air            0%         N/A       65%         3
 Vampiric Draining        Necr           0%         2d6       65%         3
 Volatile Blastmotes      Fire/Tloc      0%         2d10      65%         3
 Airstrike                Air            0%         2d(0-16)  96%         4
 Flame Wave               Conj/Fire      0%         2d4       96%         4
 Fulminant Prism          Conj/Alch      0%         3d5       96%         4
 Ignite Poison            Fire/Alch      0%         N/A       96%         4
 Iskenderun's Mystic Bla Conj/Tloc 0%             2d3        (+2d1     96%         4
 Leda's Liquefaction      Alch/Erth      0%         N/A       96%         4
 Martyr's Knell           Necr/Summ      0%         N/A       96%         4
 Olgreb's Toxic Radiance  Alch           0%         N/A       96%         4
 Petrify                  Alch/Erth      0%         N/A       96%         4
 Sticky Flame             Fire/Alch      0%         2d4       96%         4
 Summon Lightning Spire   Summ/Air       0%         N/A       96%         4
 Vhi's Electric Charge    Tloc/Air       0%         N/A       96%         4
 Alistair's Intoxication  Alch           0%         N/A       100%        5
 Arcjolt                  Conj/Air       0%         1d10      100%        5
 Curse of Agony           Necr           0%         N/A       100%        5
 Freezing Cloud           Conj/Ice/Air   0%         6-21      100%        5
 Lee's Rapid Deconstruct  Erth           0%         3d4*      100%        5
 Metabolic Englaciation   Hex/Ice        0%         N/A       100%        5
 Permafrost Eruption      Ice/Erth       0%         2x4d1     100%        6
 Plasma Beam              Fire/Air       0%         2x1d10    100%        6
 Sculpt Simulacrum        Ice/Alch       0%         N/A       100%        6
 Starburst                Conj/Fire      0%         6d3       100%        6
 Ozocubu's Refrigeration  Ice            0%         4d7       100%        7
 Discord                  Hex            0%         N/A       100%        8
 Ignition                 Fire           0%         3d3       100%        8
 Maxwell's Capacitive Co  Air            0%         ∞         100%        8
 Animate Armour           Summ/Erth      Unusable   N/A       N/A         4

Dungeon Overview and Level Annotations

Branches:
Dungeon (15/15)            Temple (1/1) D:5            Lair (5/5) D:9
  Swamp (1/4) Lair:3        Snake (4/4) Lair:2        Slime (0/5) Lair:4
    Orc (2/2) D:11            Elf (0/3) Orc:2        Vaults (0/5) D:13
 Depths (0/4) D:15          Sewer (visited)

Altars:
Ashenzari
Cheibriados
Dithmenos
Elyvilon
Fedhas
Gozag
Hepliaklqana
Kikubaaqudgha
Makhleb
Nemelex Xobeh
Okawaru
Qazlal
Ru
Sif Muna
Trog
Uskayaw
Vehumet
Wu Jian
Xom
Yredelemnul
Zin
The Shining One
Jiyva

Shops:
D:3 (   D:10 !   D:11 !   D:12 ?   D:13 (   Orc:2 !!![   Snake:1 [(

Annotations:
D:4 1 runed translucent door, SkeletonJelly's ghost, amateur MiFi
Lair:2 exclusion: oklob plant
Lair:3 1 runed translucent door, Biggs's ghost, journeyman OpSh


Innate Abilities, Weirdness & Mutations

You have blades for front paws.
((You have sharp claws.))
You have razor-sharp teeth.
You have supernaturally acute eyesight. (SInv)
Your thick and shaggy fur keeps you warm. (AC +3, rC+)
((Your paws help you pounce on unaware monsters.))
You are incapable of wielding weapons or throwing items.
You cannot wear armour.
You gain extra lives every three experience levels.


Message History

You shred the naga!!!
You blow up the naga!
The Council accepts your kill.
Unknown command.
Unknown command.
You lunge with incredible momentum at the naga.
You slice the naga!!
The naga is almost dead.
You spin and attack the salamander repeatedly, with incredible momentum.
You slice the salamander!!
You blow up the salamander!
The Council accepts your kill.
Your supernatural speed expires.
Unknown command.
Unknown command.
Unknown command.
You spin and attack the naga warrior repeatedly.
You hit the naga warrior but do no damage.
The naga warrior is lightly wounded.
You slash the naga warrior! Your slash misses the naga warrior.
The naga warrior is moderately wounded.
You spin and attack the naga.
You slash the naga!
You kill the naga!
The Council accepts your kill.
You feel sick. The naga spits poison at you. The splash of poison misses you.
Unknown command.
Unknown command.
You spin and attack the guardian serpent.
You hit the guardian serpent but do no damage.
You spin and attack the naga warrior.
You slice the naga warrior!!
The naga warrior is heavily wounded.
You feel sick. The guardian serpent misses you.
The naga warrior hits you with a +0 flail!!
* * * LOW HITPOINT WARNING * * *
The naga warrior grabs you. The naga warrior constricts you!
* * * LOW HITPOINT WARNING * * *
The naga hits you with a +0 dire flail!!
You die...

.........#######.......
.....##### #####...
.........#######.......
..................... .
....................
..................## .
...................###..
.... .......○)N^.....
.... .......)@N......
##### ########.S......
###^############........
........................
....................#...
...................##...
...................# #.
............########
#############


You could see a naga warrior, a guardian serpent and a naga (catching breath).

Vanquished Creatures
  Jorgrun (D:13)
  Kirke (D:14)
  Louise (Snake:3)
  An orc warlord (Orc:1)
  A bunyip (Swamp:1)
  2 ettins
  Snorg (Lair:3)
  Harold (D:11)
  Josephine (D:10)
  3 vault guards (D:13)
  5 hydras
  A rakshasa (D:13)
  2 alligators (Swamp:1)
  2 ogre magi (Orc:2)
  9 anacondas
  Erica (D:11)
  5 centaur warriors
  2 dancing weapons (D:13)
  4 death yaks
  13 two-headed ogres
  12 naga warriors
  2 tengu warriors (D:15)
  5 shock serpents
  10 naga sharpshooters
  2 salamander mystics
  Sonja (Lair:5)
  10 skeletal warriors
  2 skysharks
  A deep elf archer (D:13)
  2 arcanists (D:13)
  4 deep trolls
  2 goliath frogs
  9 mana vipers
  An orc knight (Orc:2)
  A swamp dragon (Lair:3)
  4 naga ritualists
  An obsidian bat (Orc:2)
  2 necromancers
  2 deep elf pyromancers
  Maurice (D:10)
  3 manticores
  3 ugly things
  4 cyclopes
  3 meliai (D:15)
  24 elephants
  10 salamanders
  12 naga magi
  27 black mambas
  2 guardian serpents (Snake:3)
  A molten gargoyle (D:13)
  4 kobold blastminers
  A cane toad (shapeshifter) (D:15)
  4 gargoyles
  2 torpor snails
  Jeremiah (D:8)
  22 cane toads
  2 yaktaurs (D:13)
  9 komodo dragons
  3 rime drakes
  An efreet (D:13)
  3 kobold demonologists
  An ice devil (D:13)
  A troll (shapeshifter) (D:13)
  A queen bee (D:13)
  2 tengu conjurers (D:15)
  3 tyrant leeches
  12 trolls
  2 polar bears
  5 hornets
  Grinder (D:3)
  A hornet (shapeshifter) (D:14)
  A raiju (D:13)
  41 blink frogs
  7 slime creatures (D:12)
  A centaur simulacrum (D:14)
  A vampire (D:12)
  6 wraiths
  12 wyverns
  A shadow (D:7)
  A hog (D:14)
  4 spriggans (Swamp:1)
  51 yaks
  4 basilisks
  2 steam dragons
  16 humans
  5 wargs
  15 vampire mosquitoes
  3 swamp worms (Swamp:1)
  A naga (shapeshifter) (D:14)
  3 acid dragons
  46 nagas
  24 water moccasins
  Duvessa (D:7)
  11 orc warriors
  3 ice beasts (D:7)
  A black bear (D:6)
  21 ogres
  A sky beast (D:6)
  18 wolves
  2 centaurs
  2 phantoms (D:5)
  4 kobold brigands
  15 bullfrogs
  Blork the orc (D:5)
  2 gnoll sergeants
  4 scorpions (D:6)
  8 wights
  Dowan (D:7)
  13 killer bees
  4 howler monkeys
  8 electric eels
  2 bombardier beetles (D:4)
  2 hounds
  6 jellies
  2 gnoll boudas
  15 orc priests
  Ijyb (D:3)
  4 iguanas
  20 orc wizards
  Natasha (thrice) (D:3)
  A river rat (Sewer)
  11 adders
  16 gnolls
  3 shadow imps
  A white imp (D:5)
  2 ufetubi (D:5)
  A ribbon worm (D:3)
  55 orcs
  10 ball pythons
  4 endoplasms
  7 giant cockroaches
  7 hobgoblins
  9 jackals
  3 quokkas (D:3)
  6 bats
  5 frilled lizards
  7 goblins
  16 kobolds
  8 rats
893 creatures vanquished.

Vanquished Creatures (collateral kills)
  3 salamanders (Snake:2)
3 creatures vanquished.

Vanquished Creatures (others)
  A human (D:13)
  3 orcs
4 creatures vanquished.

Grand Total: 900 creatures vanquished

Notes
Turn   | Place    | Note
-------+----------+-------------------------------------------
     0 | D:1      | Biggs the Felid Shapeshifter began the quest for the Orb.
     0 | D:1      | Reached XP level 1. HP: 10/10 MP: 2/2
   232 | D:1      | Reached XP level 2. HP: 14/14 MP: 3/3
   992 | D:2      | Reached XP level 3. HP: 18/18 MP: 4/4
  1067 | D:2      | Found a faded altar of an unknown god.
  1542 | D:3      | Noticed Natasha
  1552 | D:3      | Killed Natasha
  1553 | D:3      | Reached XP level 4. HP: 10/22 MP: 5/5
  1553 | D:3      | Gained a life (2 lives remaining)
  1608 | D:3      | Noticed Natasha
  1618 | D:3      | Killed Natasha
  1626 | D:3      | Identified the staff of Hyuroel {Will+ Int+4 Dex+3 Conj
                  | Earth}
  1702 | D:3      | Noticed Natasha
  1720 | D:3      | Killed Natasha
  1721 | D:3      | Reached skill level 5 in Shapeshifting
  1721 | D:3      | Reached XP level 5. HP: 18/25 MP: 6/6
  1906 | D:3      | Noticed Grinder
  1917 | D:3      | Paralysed by Grinder for 2 turns
  1919 | D:3      | Slain by Grinder
  1919 | D:3      | Lost a life (1 life remaining)
  2034 | D:3      | Noticed Ijyb
  2037 | D:3      | Found an ancient bone altar of Kikubaaqudgha.
  2055 | D:3      | Killed Ijyb
  2143 | D:3      | Found a radiant altar of Vehumet.
  2265 | D:3      | Found Ithrutiu's Weapon Shoppe.
  2451 | D:3      | Killed Grinder
  2452 | D:3      | Gained mutation: You are covered in thick fur. (AC +2)
                  | [Felid growth]
  2452 | D:3      | Reached XP level 6. HP: 30/30 MP: 7/7
  2888 | D:4      | Reached XP level 7. HP: 33/33 MP: 8/8
  2888 | D:4      | Gained a life (2 lives remaining)
  2966 | D:4      | Found a runed translucent door.
  2989 | D:4      | Noticed SkeletonJelly's ghost (amateur MiFi)
  3048 | D:4      | Found a burning altar of Makhleb.
  3048 | D:4      | Found a sacrificial altar of Ru.
  3588 | D:5      | Entered Level 5 of the Dungeon
  3638 | D:5      | Found a staircase to the Ecumenical Temple.
  3652 | Temple   | Entered the Ecumenical Temple
  3677 | Temple   | Became a worshipper of the Wu Jian Council
  3713 | D:5      | Found a glowing drain.
  3742 | Sewer    | Entered a sewer
  3750 | Sewer    | Reached skill level 4 in Unarmed Combat
  3868 | Sewer    | Found a white marble altar of Elyvilon.
  4042 | D:5      | Found an iron altar of Okawaru.
  4043 | D:5      | Noticed Blork the orc
  4052 | D:5      | Killed Blork the orc
  4053 | D:5      | Reached skill level 5 in Unarmed Combat
  4184 | D:5      | Found a broken altar of Ashenzari.
  4185 | D:5      | Found a bloodstained altar of Trog.
  4185 | D:5      | Found a snail-covered altar of Cheibriados.
  4186 | D:5      | Found a blossoming altar of Fedhas.
  4361 | D:5      | Reached skill level 6 in Unarmed Combat
  4361 | D:5      | Reached XP level 8. HP: 30/37 MP: 9/9
  4772 | D:6      | Reached * piety under Wu Jian
  4859 | D:6      | Found a basalt altar of Yredelemnul.
  4936 | D:6      | Reached skill level 1 in Evocations
  5108 | D:6      | Found a shadowy altar of Dithmenos.
  5245 | D:6      | Reached skill level 5 in Evocations
  5245 | D:6      | Reached skill level 5 in Dodging
  6183 | D:7      | Reached XP level 9. HP: 13/41 MP: 10/10
  6280 | D:7      | Noticed Duvessa
  6326 | D:7      | Noticed Dowan
  6327 | D:7      | Killed Duvessa
  6334 | D:7      | Killed Dowan
  6518 | D:7      | Reached skill level 7 in Unarmed Combat
  6538 | D:7      | Reached ** piety under Wu Jian
  6810 | D:7      | Reached skill level 8 in Unarmed Combat
  7253 | D:8      | Found a viscous altar of Jiyva.
  7547 | D:8      | Found a hazy altar of Hepliaklqana.
  7593 | D:8      | Reached skill level 5 in Fighting
  7599 | D:8      | Reached XP level 10. HP: 29/51 MP: 11/11
  7608 | D:8      | Slain by a wight
  7608 | D:8      | Lost a life (1 life remaining)
  7641 | D:8      | Identified the +1 robe of Insurance {+Blink Int+3 Stlth+
                  | Archmagi}
  7895 | D:8      | Found an opulent altar of Gozag.
  7934 | D:8      | Found a glowing silver altar of Zin.
  8017 | D:8      | Noticed a two-headed ogre
  8023 | D:8      | Killed a two-headed ogre
  8024 | D:8      | Reached skill level 9 in Unarmed Combat
  8046 | D:8      | Noticed Jeremiah
  8051 | D:8      | Killed Jeremiah
  8059 | D:8      | Reached skill level 10 in Unarmed Combat
  8607 | D:9      | Reached *** piety under Wu Jian
  8608 | D:9      | Reached skill level 5 in Stealth
  8732 | D:9      | Found a staircase to the Lair.
  8872 | D:9      | Noticed a two-headed ogre
  8895 | D:9      | Killed a two-headed ogre
  8939 | D:9      | Noticed a two-headed ogre
  9323 | D:9      | Killed a two-headed ogre
  9324 | D:9      | Reached skill level 10 in Dodging
  9324 | D:9      | Reached XP level 11. HP: 55/55 MP: 12/12
  9324 | D:9      | Gained a life (2 lives remaining)
  9364 | D:9      | Found a sparkling altar of Nemelex Xobeh.
  9446 | D:10     | Entered Level 10 of the Dungeon
  9507 | D:10     | Noticed Josephine
  9517 | D:10     | Killed Josephine
  9692 | D:10     | Noticed Maurice
  9702 | D:10     | Killed Maurice
  9703 | D:10     | Reached skill level 11 in Unarmed Combat
 10176 | D:10     | Noticed a two-headed ogre
 10184 | D:10     | Killed a two-headed ogre
 10383 | D:10     | Reached **** piety under Wu Jian
 10412 | D:10     | Found Ymniff's Distillery.
 10418 | D:10     | Bought a potion of heal wounds for 65 gold pieces
 10418 | D:10     | Bought a potion of heal wounds for 65 gold pieces
 10418 | D:10     | Bought a potion of haste for 130 gold pieces
 10418 | D:10     | Bought a potion of haste for 130 gold pieces
 10418 | D:10     | Bought a potion of curing for 39 gold pieces
 10764 | Lair:1   | Entered Level 1 of the Lair of Beasts
 11757 | Lair:1   | Gained mutation: Your thick and shaggy fur keeps you warm.
                  | (AC +3, rC+) [Felid growth]
 11757 | Lair:1   | Reached XP level 12. HP: 59/60 MP: 13/13
 11835 | Lair:1   | Noticed a death yak
 12166 | Lair:1   | Killed a death yak
 12294 | Lair:2   | Noticed a seven-headed hydra
 12302 | Lair:2   | Killed a seven-headed hydra
 12403 | Lair:2   | Reached skill level 10 in Shapeshifting
 12579 | Lair:2   | Reached ***** piety under Wu Jian
 12593 | Lair:2   | HP: 2/60 [blink frog (19)]
 12599 | Lair:2   | Reached skill level 12 in Unarmed Combat
 12864 | Lair:2   | Noticed an eight-headed hydra
 13177 | Lair:2   | Reached skill level 13 in Unarmed Combat
 13291 | Lair:2   | Noticed a death yak
 13301 | Lair:2   | Killed a death yak
 13601 | Lair:2   | Noticed a death yak
 13609 | Lair:2   | Killed a death yak
 13615 | Lair:2   | Reached skill level 14 in Unarmed Combat
 13618 | Lair:2   | Reached XP level 13. HP: 63/63 MP: 14/14
 13887 | Lair:2   | Mangled by an eight-headed hydra
 13887 | Lair:2   | Lost a life (1 life remaining)
 14486 | Lair:3   | HP: 2/63 [cane toad (8)]
 14815 | Lair:3   | Identified the +7 mace "Woeptaipn" {flame, Dex+4}
 14882 | Lair:3   | Identified the +1 cloak of Vyased {-Cast Str+5 Stlth+}
 15103 | Lair:3   | Found a runed translucent door.
 15221 | Lair:3   | Reached skill level 15 in Unarmed Combat
 15524 | Lair:3   | Found a staircase to the Swamp.
 15824 | Lair:3   | Noticed Biggs's ghost (journeyman OpSh)
 15847 | Lair:3   | Noticed Snorg
 16101 | Lair:4   | Reached ****** piety under Wu Jian
 16291 | Lair:4   | Reached skill level 16 in Unarmed Combat
 16585 | Lair:4   | Found a viscous altar of Jiyva.
 16585 | Lair:4   | Found a staircase to the Slime Pits.
 16883 | Lair:5   | Entered Level 5 of the Lair of Beasts
 16890 | Lair:5   | Reached XP level 14. HP: 16/68 MP: 15/15
 16890 | Lair:5   | Gained a life (2 lives remaining)
 17078 | Lair:5   | Noticed Sonja
 18781 | Lair:5   | Killed Sonja
 19149 | Lair:5   | Identified the +7 morningstar of the New World {protect,
                  | ^Contam Int+7}
 19460 | Lair:3   | Killed Snorg
 19803 | Lair:2   | Found a staircase to the Snake Pit.
 20073 | D:11     | Found a staircase to the Orcish Mines.
 20362 | D:11     | Found Qamotz's Distillery.
 20475 | D:11     | Noticed Harold
 20484 | D:11     | Killed Harold
 20739 | D:11     | Bought a potion of heal wounds for 80 gold pieces
 20739 | D:11     | Bought a potion of haste for 160 gold pieces
 20906 | D:11     | Noticed Erica
 20913 | D:11     | Killed Erica
 21123 | Orc:1    | Entered Level 1 of the Orcish Mines
 21269 | Orc:1    | Noticed an orc warlord
 21282 | Orc:1    | Killed an orc warlord
 21299 | Orc:2    | Entered Level 2 of the Orcish Mines
 21941 | Orc:2    | Found a staircase to the Elven Halls.
 22231 | Orc:2    | Reached XP level 15. HP: 53/72 MP: 16/16
 22297 | Orc:2    | HP: 1/76 [ogre/+0 giant club (31)]
 22346 | Orc:2    | Found Aseir's Armour Shoppe.
 22347 | Orc:2    | Found Cydim's Distillery.
 22352 | Orc:2    | Found Xioseu's Distillery.
 22357 | Orc:2    | Found Dow Qaluru's Distillery.
 22549 | Orc:2    | Bought a potion of heal wounds for 60 gold pieces
 22549 | Orc:2    | Bought a potion of curing for 36 gold pieces
 22549 | Orc:2    | Bought a potion of curing for 36 gold pieces
 22549 | Orc:2    | Bought a potion of cancellation for 96 gold pieces
 22555 | Orc:2    | Bought a potion of heal wounds for 75 gold pieces
 22555 | Orc:2    | Bought a potion of heal wounds for 75 gold pieces
 22555 | Orc:2    | Bought a potion of haste for 150 gold pieces
 22555 | Orc:2    | Bought a potion of mutation for 120 gold pieces
 22555 | Orc:2    | Bought a potion of curing for 45 gold pieces
 22555 | Orc:2    | Bought a potion of curing for 45 gold pieces
 22560 | Orc:2    | Bought 2 potions of heal wounds for 160 gold pieces
 22560 | Orc:2    | Bought a potion of heal wounds for 80 gold pieces
 22560 | Orc:2    | Bought a potion of curing for 48 gold pieces
 22560 | Orc:2    | Bought a potion of curing for 48 gold pieces
 22560 | Orc:2    | Bought 2 potions of curing for 96 gold pieces
 22763 | Snake:1  | Entered Level 1 of the Snake Pit
 22773 | Snake:1  | Found Sat Tanu's Armour Boutique.
 22780 | Snake:1  | Found Nummon's Weapon Shop.
 23779 | Snake:1  | Reached skill level 15 in Dodging
 24531 | Snake:2  | Mangled by a naga ritualist
 24531 | Snake:2  | Lost a life (1 life remaining)
 24693 | Snake:2  | Reached skill level 17 in Unarmed Combat
 25759 | Snake:3  | Reached XP level 16. HP: 31/82 MP: 17/17
 25759 | Snake:3  | Gained a life (2 lives remaining)
 25764 | Snake:3  | Reached skill level 18 in Unarmed Combat
 26724 | Snake:3  | Identified the +8 tower shield of Absence {rPois Will++
                  | Str-3 SInv}
 26724 | Snake:3  | Noticed Louise
 26745 | Snake:3  | Killed Louise
 27452 | Snake:4  | Entered Level 4 of the Snake Pit
 28520 | Swamp:1  | Entered Level 1 of the Swamp
 28927 | Swamp:1  | Reached skill level 10 in Stealth
 29437 | D:12     | Found Xuyr's Magic Scroll Boutique.
 29450 | D:12     | Slain by a slime creature
 29450 | D:12     | Lost a life (1 life remaining)
 29454 | D:12     | Bought a scroll of identify for 24 gold pieces
 29454 | D:12     | Bought a scroll of identify for 24 gold pieces
 29454 | D:12     | Identified 2 scrolls of acquirement
 29484 | D:12     | Acquired the ring of the Hurtling Traitor {rElec rC+ EV+5
                  | SInv}
 29488 | D:12     | Acquired a talisman of death
 29983 | D:12     | Found a shimmering blue altar of Sif Muna.
 30168 | D:12     | You fall into a shaft and drop 2 floors!
 30318 | D:13     | Noticed Jorgrun
 30328 | D:13     | Killed Jorgrun
 30567 | D:13     | Found Leuvou's Weapon Shop.
 30934 | D:13     | Found a gate to the Vaults.
 31730 | D:13     | Reached skill level 15 in Stealth
 31918 | D:13     | Reached XP level 17. HP: 40/86 MP: 18/18
 32459 | D:13     | Found a sparkling altar of Nemelex Xobeh.
 32551 | D:13     | Identified the +7 flail "Wompalur" {protect, Will+ Str-4
                  | Dex+5 SInv}
 32882 | D:14     | Noticed Kirke
 32892 | D:14     | Killed Kirke
 33652 | D:15     | Entered Level 15 of the Dungeon
 33690 | D:15     | HP: 3/86 [skeletal warrior/+0 halberd (18)]
 33692 | D:15     | HP: 1/86 [skeletal warrior/+0 halberd (25)]
 33734 | D:15     | HP: 3/86 [ettin/+0 dire flail (42)]
 33736 | D:15     | Demolished by a tengu warrior
 33736 | D:15     | Lost a life (0 lives remaining)
 33938 | D:15     | Found a staircase to the Depths.
 35507 | Snake:4  | Mangled by a naga

Illustrated notes

Levels and vault maps discovered:
D:1:      dpeg_arrival_simpleton_a, layout_loops_ring, supply_closet_lemuel
D:2:      layout_basic, dreamdust_ecumenical_altar_angels_and_demons,
          corexii_leaking_fountain
D:3:      minmay_inner_zag, layout_loops_ring, mainiacjoe_overflow_catwalk,
          nicolae_vehumet_altar_sigil, serial_shops, nicolae_lakefront_shop,
          uniq_ijyb, uniq_grinder, uniq_natasha
D:4:      layout_basic, gammafunk_temple_overflow_wave,
          hellmonk_ghost_happy_afterlife, minmay_hedge_maze
D:5:      layout_cave_pools, mainiacjoe_overflow_boulevard,
          chequers_temple_overflow_statue_of_worship,
          minmay_temple_entry_statues_pillars, gup_sewer_entry_glass,
          uniq_blork_the_orc
D:6:      layout_basic, grunt_dithmenos_smoke_and_mirrors,
          yredelemnul_altar_generic, serial_bayou, serial_bayou_shore_a,
          serial_bayou_ford_a, serial_bayou_pond_a, serial_bayou_lake_a,
          serial_bayou_pond_b, serial_bayou_pond_b, minivault_23
D:7:      layout_loops_ring, uniq_duvessa
D:8:      layout_layer_cave, pdpol_temple_overflow_zin_treasury_gozag_greed,
          general_overflow_altar, grunt_ministairs_1, jiyva_altar_1,
          uniq_jeremiah
D:9:      layout_basic, kennysheep_mini_moat, lair_entry_dummy,
          serial_co_window_serial, co_window_of_opportunity_a,
          co_window_paths_a, co_window_paths_b, co_window_paths_a,
          co_window_corner_a, co_window_of_opportunity_a, co_window_paths_a,
          co_window_broadway_b, co_window_broadway_a, co_window_corner_b,
          co_window_corner_ca, co_window_broadway_b, glass_columns_c,
          glass_columns_a, glass_columns_b, glass_columns_b
D:10:     layout_basic, serial_shops, nicolae_shop_pleasant_corner_grove,
          uniq_maurice, uniq_josephine
D:11:     layout_rooms, erik_orc_4, serial_shops, shop, minmay_misc_feat_doors,
          chequers_serial_rivers_marsh, dreamdust_princess_bridge, uniq_harold,
          uniq_erica
D:12:     layout_rooms, serial_shops, shop, nicolae_sif_muna_little_library
D:13:     regret_index_nemelex_summoning_deck_glade, layout_basic,
          grunt_vaults_entry_tiered, serial_shops, shop, uniq_jorgrun
D:14:     layout_layer_cave, serial_library_hellmonk_layered_room, uniq_kirke
D:15:     hangedman_depths_entry_civil_slaughter, layout_loops_ring
Temple:   nicolae_temple_superstar
Lair:1:   layout_misc_corridors, hangedman_lair_generics_rect
Lair:2:   nzn_winding_woodlands_stair_trap
          [nzn_winding_woodlands_5x15_river_crossing,
          nzn_winding_woodlands_5x15_twine, nzn_winding_woodlands_5x15_zeroes,
          nzn_winding_woodlands_15x15_killbox,
          nzn_winding_woodlands_5x15_pockets, nzn_winding_woodlands_5x15_garden,
          nzn_winding_woodlands_5x15_cabin], layout_gridlike,
          nicolae_snake_entry_squirm, minmay_lair_oklob_bushes
Lair:3:   layout_cave_pods, mainiacjoe_swamp_entry_lozenge_pond,
          ebering_ghost_reflecting_pool, dreamdust_mushroom_princess,
          wad_woods_06, uniq_snorg
Lair:4:   layout_regular_city, dpeg_slime_entry_enclosed, minmay_holes,
          infiniplex_staircase_pool_2
Lair:5:   minmay_lair_end_frog_pond, layout_regular_city, uniq_sonja
Swamp:1:  layout_falls_marsh, serial_swamp_ruin, evilmike_swamp_ruin_house_6,
          hangedman_swamp_ruin_wall, evilmike_swamp_ruin_house_4, swamp_pool_3,
          nicolae_swamp_decorative_isthmus
Snake:1:  layout_honeycomb, serial_bayou_shore_b, minmay_shoptagon
Snake:2:  layout_onion_interference
Snake:3:  layout_grid_maze, regret_index_snakedec_diamondback,
          grunt_megastairs_5, uniq_louise
Snake:4:  grunt_snake_rune_pools, layout_grid_shapes
Orc:1:    layout_caves
Orc:2:    st_orc_open, layout_diamond_mine

Skill      XL: |  1  2  3  4  5  6  7  8  9 10 11 12 13 14 15 16 17 |
---------------+----------------------------------------------------+-----
Shapeshifting  | 3 4 5 6 7 8 10 13 14 | 14.9
Unarmed Combat | 6 8 10 11 14 16 17 18 | 18.9
Dodging        | 7 8 10 13 15 | 15.7
Evocations     | 5 8 |  8.0
Fighting       | 5 8 |  8.7
Stealth        | 8 9 15 16 | 16.0

Action                     |  1- 3 |  4- 6 |  7- 9 | 10-12 | 13-15 | 16-18 || total
---------------------------+-------+-------+-------+-------+-------+-------++-------
  Melee: Unarmed           |    84 |   108 |   422 |   662 |  1517 |   660 ||  3453
         Bite              |     8 |    11 |    53 |   113 |   221 |    88 ||   494
         Punch             |       |     3 |       |       |       |    52 ||    55
 Invoke: Serpent's Lash    |       |       |       |       |     8 |     4 ||    12
         Heavenly Storm    |       |       |       |       |     3 |     2 ||     5
Ability: Lunge             |       |       |    27 |    34 |   113 |    66 ||   240
         Whirlwind         |       |       |    47 |    66 |   444 |   152 ||   709
  Evoke: Wand              |       |     3 |    10 |    21 |    23 |     7 ||    64
    Use: Scroll            |     3 |     3 |     1 |     1 |    12 |    12 ||    32
         Potion            |       |       |     1 |     4 |     9 |    11 ||    25
   Stab: Sleeping          |     2 |     3 |       |     5 |    15 |    15 ||    40
         Paralysed         |       |     3 |     9 |     5 |     3 |       ||    20
         Distracted        |       |       |     1 |     1 |     4 |     6 ||    12
 Armour: Skin              |    39 |    27 |    94 |   101 |   246 |   175 ||   682
  Dodge: Dodged            |    71 |    72 |   359 |   581 |  1265 |   498 ||  2846
   Form: Flux              |       |       |     1 |       |     1 |     1 ||     3
         Serpent           |       |       |       |       |     1 |       ||     1
         Blade             |       |       |       |       |       |     2 ||     2

Table legend: (Time is in decaauts)
 A = Elapsed time spent in this place.
 B = Non-inter-level travel time spent in this place.
 C = Inter-level travel time spent in this place.
 D = Time resting spent in this place.
 E = Time spent auto-exploring this place.
 F = Levels seen in this place.
 G = Mean time per level.
                   A        B        C        D        E       F      G
               +--------+--------+--------+--------+--------+-----+--------+
         Total |  35175 |  33090 |   2085 |   3335 |  23640 |  29 | 1212.9 |
       Dungeon |  17028 |  16222 |    806 |    711 |  12817 |  15 | 1135.2 |
        Temple |     50 |      2 |     48 |      0 |      0 |   1 |   50.0 |
          Lair |   9657 |   8779 |    878 |   1337 |   5481 |   5 | 1931.4 |
         Swamp |    682 |    658 |     24 |      0 |    577 |   1 |  682.0 |
     Snake Pit |   6017 |   5762 |    255 |    935 |   3875 |   4 | 1504.2 |
  Orcish Mines |   1482 |   1410 |     72 |    352 |    725 |   2 |  741.0 |
         Sewer |    255 |    255 |      0 |      0 |    163 |   1 |  255.0 |
               +--------+--------+--------+--------+--------+-----+--------+

Top non-repeatable levels by time:
  Lair:2: 2796 daAuts
    D:13: 2092 daAuts
  Lair:3: 1914 daAuts
 Snake:3: 1839 daAuts
 Snake:1: 1724 daAuts
  Lair:5: 1716 daAuts
  Lair:4: 1694 daAuts
  Lair:1: 1535 daAuts
     D:6: 1528 daAuts
    D:10: 1407 daAuts
     D:8: 1277 daAuts
 Snake:2: 1254 daAuts
 Snake:4: 1198 daAuts
    D:14: 1193 daAuts
    D:11: 1169 daAuts
